 Dungeon Sprint DCSS version 0.27-a0-1334-g2746e35aca (webtiles) character file.

Game seed: 13798722436937581523

1008 Sopht the Fighter (level 8, -5/81 HPs)
             Began as a Minotaur Fighter on June 26, 2021.
             Was a Believer of Trog.
             Slain by an unseen horror (7 damage)
             ... in the Dungeon (Sprint IX: "|||||||||||||||||||||||||||||").
             The game lasted 00:06:29 (262 turns).

Sopht the Fighter (Minotaur Fighter)                 Turns: 262, Time: 00:06:29

Health: -5/81      AC: 13    Str: 23    XL:     8   Next: 1%
Magic:  7/7        EV: 11    Int:  5    God:    Trog [**....]
Gold:   0          SH: 12    Dex: 10    Spells: 7/7 levels left

rFire    . . .     SeeInvis .   m - +2 scimitar (holy)
rCold    . . .     Faith    .   c - +0 kite shield
rNeg     . . .     Spirit   .   o - +1 scale mail {Will+}
rPois    .         Reflect  .   (helmet restricted)
rElec    .         Harm     .   (no cloak)
rCorr    .         Rampage  .   (no gloves)
Will     +....     NoTele   +   n - +0 pair of boots
Stlth    ..........             (no amulet)
HPRegen  0.23/turn              p - +2 ring of protection
MPRegen  0.10/turn              q - +2 ring of evasion

@: on berserk cooldown, very slightly contaminated, slowed, invisible, very slow
A: horns 2, retaliatory headbutt
a: Renounce Religion, Berserk, Trog's Hand


You were in the Dungeon.
You worshipped Trog.
Trog was pleased with you.
You visited 1 branch

Inventory:

Hand Weapons
 m - a +2 scimitar of holy wrath (weapon)
Armour
 c - a +0 kite shield (worn)
 n - a +0 pair of boots (worn)
 o - a +1 scale mail of willpower (worn)
Jewellery
 p - a +2 ring of protection (left hand)
 q - a +2 ring of evasion (right hand)
Wands
 l - a wand of iceblast (10) (quivered)
Scrolls
 j - 2 scrolls of blinking
Potions
 g - a potion of haste
 h - 4 potions of magic
 k - 4 potions of curing


   Skills:
 + Level 10.7 Fighting
 + Level 6.1 Long Blades
 + Level 10.4 Maces & Flails
 + Level 10.6 Armour
 + Level 2.4 Dodging
 + Level 9.8 Shields


You had 7 spell levels left.
You didn't know any spells.
Your spell library was empty.

Dungeon Overview and Level Annotations

Branches:
Dungeon (1/1)

Altars:
Cheibriados
Dithmenos
Elyvilon
Fedhas
Gozag
Hepliaklqana
Kikubaaqudgha
Makhleb
Nemelex Xobeh
Okawaru
Qazlal
Ru
Sif Muna
Trog
Uskayaw
Vehumet
Wu Jian
Xom
Yredelemnul
Zin
The Shining One
Beogh
Jiyva
Lugonu


Innate Abilities, Weirdness & Mutations

You have a pair of horns on your head.
You reflexively headbutt those who attack you in melee.


Message History

There is an open door to the Dungeon, spattered with blood here.
Something hits you but does no damage.
The boulder beetle stops rolling and uncurls.
Something hits you.
* * * LOW HITPOINT WARNING * * *
Clearing level map.
Something is blocking the doorway!
Something hits you but does no damage. x2
You slash something! You block something's attack.
Something hits you but does no damage.
The boulder beetle leaps!
You miss something. You headbutt something.
Something hits you but does no damage. You block something's attack.
The boulder beetle curls into a ball and begins rolling!
You slash something! Something hits you but does no damage. Something hits you.
* * * LOW HITPOINT WARNING * * *
Something hits you.
* * * LOW HITPOINT WARNING * * *
The boulder beetle stops rolling and uncurls.
Something hits you.
* * * LOW HITPOINT WARNING * * *
You fade into invisibility!
Something hits you!
* * * LOW HITPOINT WARNING * * *
Something hits you but does no damage.
You are very lightly contaminated with residual magic.
Something hits you but does no damage. Something hits you.
* * * LOW HITPOINT WARNING * * *
Something hits you but does no damage.
Items here: )) [ ††.
You block something's attack. Something hits you but does no damage.
You block something's attack.
Things that are here:
a +0 scale mail; a +0 flail Something hits you.
* * * LOW HITPOINT WARNING * * *
You see here a +0 pair of boots.
You block something's attack. Something hits you.
* * * LOW HITPOINT WARNING * * *
Something hits you!
You die...

▓_▓
▓_▓
▓_▓
▓_▓
▓_▓
▓'▓
▓.▓
▓?▓
▓@▓
▓.▓
▓.▓
▓[▓
▓J▓
▓)▓
▓B▓
▓B▓
▓y▓


You could see 2 boulder beetles and a slime creature.

Vanquished Creatures
  A gargoyle (D)
  A troll (D)
  2 vampire mosquitoes (D)
  An orc warrior (D)
  A scorpion (D)
  A howler monkey (D)
  2 iguanas (D)
  An adder skeleton (D)
  A ball python (D)
  2 bat zombies (D)
  A goblin (D)
  A hobgoblin (D)
  A kobold (D)
  A rat (D)
17 creatures vanquished.

Notes
Turn   | Place    | Note
-------+----------+-------------------------------------------
     0 | D        | Sopht the Minotaur Fighter began the quest for the Orb.
     0 | D        | Reached XP level 1. HP: 19/19 MP: 0/0
    18 | D        | Noticed an iguana
    18 | D        | Noticed a scorpion
    18 | D        | Noticed an iguana
    23 | D        | Killed an iguana
    24 | D        | Reached skill level 5 in Fighting
    24 | D        | Reached skill level 5 in Armour
    24 | D        | Reached skill level 5 in Shields
    24 | D        | Reached XP level 2. HP: 24/29 MP: 1/1
    24 | D        | Reached XP level 3. HP: 30/36 MP: 2/2
    27 | D        | Killed a scorpion
    28 | D        | Reached skill level 5 in Maces & Flails
    28 | D        | Reached XP level 4. HP: 20/45 MP: 3/3
    44 | D        | Found a snail-covered altar of Cheibriados.
    44 | D        | Found a shadowy altar of Dithmenos.
    44 | D        | Found a white marble altar of Elyvilon.
    44 | D        | Found a blossoming altar of Fedhas.
    44 | D        | Found an opulent altar of Gozag.
    45 | D        | Found a hazy altar of Hepliaklqana.
    46 | D        | Found a viscous altar of Jiyva.
    47 | D        | Found an ancient bone altar of Kikubaaqudgha.
    48 | D        | Found a corrupted altar of Lugonu.
    49 | D        | Found a burning altar of Makhleb.
    50 | D        | Found a sparkling altar of Nemelex Xobeh.
    51 | D        | Found an iron altar of Okawaru.
    52 | D        | Found a stormy altar of Qazlal.
    53 | D        | Found a sacrificial altar of Ru.
    54 | D        | Found a shimmering blue altar of Sif Muna.
    55 | D        | Found a bloodstained altar of Trog.
    56 | D        | Found a hide-covered altar of Uskayaw.
    57 | D        | Found a radiant altar of Vehumet.
    58 | D        | Found an ornate altar of the Wu Jian Council.
    59 | D        | Found a shimmering altar of Xom.
    60 | D        | Found a basalt altar of Yredelemnul.
    61 | D        | Found a glowing silver altar of Zin.
    62 | D        | Found a glowing golden altar of the Shining One.
   117 | D        | Became a worshipper of Trog the Wrathful
   172 | D        | Noticed an orc warrior
   172 | D        | Noticed a vampire mosquito
   172 | D        | Noticed a gargoyle
   172 | D        | Noticed a troll
   180 | D        | Killed an orc warrior
   181 | D        | Reached skill level 1 in Long Blades
   181 | D        | Reached XP level 5. HP: 24/55 MP: 4/4
   188 | D        | Killed a vampire mosquito
   189 | D        | Reached skill level 1 in Dodging
   189 | D        | Reached XP level 6. HP: 63/63 MP: 5/5
   190 | D        | Reached * piety under Trog
   196 | D        | Killed a gargoyle
   197 | D        | Reached skill level 10 in Fighting
   197 | D        | Reached skill level 10 in Armour
   197 | D        | Reached XP level 7. HP: 72/72 MP: 6/6
   200 | D        | Killed a troll
   201 | D        | Reached skill level 5 in Long Blades
   201 | D        | Reached skill level 10 in Maces & Flails
   201 | D        | Reached ** piety under Trog
   234 | D        | Noticed a vampire mosquito
   234 | D        | Noticed a boulder beetle
   234 | D        | Noticed a vampire mosquito
   234 | D        | Noticed a slime creature
   234 | D        | Noticed a boulder beetle
   236 | D        | Killed a vampire mosquito
   237 | D        | Reached XP level 8. HP: 64/81 MP: 7/7
   259 | D        | HP: 2/81 [something (4)]
   262 | D        | Slain by an unseen horror

Illustrated notes

Levels and vault maps discovered:
D:        linesprint [early_d, line_temple, items_1, d_10, items_2, lair_1,
          lair_end, items_3, orc_1, orc_end, items_4, d_15, swamp_1, shoals_1,
          snake_1, spider_1, d_20, vaults_1, items_5, swamp_end, shoals_end,
          snake_end, spider_end, vaults_end, d_27, items_6, zot_1, zot_end,
          crypt_end, forest_end, elf_end, slime_end, tomb_end, abyss_end,
          pan_hell_end]

Skill      XL: |  1  2  3  4  5  6  7 |
---------------+----------------------+-----
Fighting       | 5 6 8 9 10 | 10.7
Armour         | 5 6 8 9 10 | 10.6
Shields        | 5 6 7 8 9 |  9.8
Maces & Flails | 3 5 7 8 9 10 | 10.4
Long Blades    | 1 2 4 6 |  6.1
Dodging        | 1 2 |  2.4

Action                   |  1- 3 |  4- 6 |  7- 9 || total
-------------------------+-------+-------+-------++-------
Melee: Flail             |    17 |     8 |       ||    25
       Headbutt          |     2 |     9 |     8 ||    19
       Scimitar          |       |    18 |    16 ||    34
Invok: Berserk           |       |       |     1 ||     1
  Use: Potion            |       |     6 |     1 ||     7
Armor: Scale mail        |     4 |     6 |    15 ||    25
Dodge: Dodged            |     5 |    13 |     3 ||    21
Block: Kite shield       |     6 |    18 |    15 ||    39
       Rpst.: Scimitar   |       |     5 |     1 ||     6

Table legend: (Time is in decaauts)
 A = Elapsed time spent in this place.
 B = Non-inter-level travel time spent in this place.
 C = Inter-level travel time spent in this place.
 D = Time resting spent in this place.
 E = Time spent auto-exploring this place.
 F = Levels seen in this place.
 G = Mean time per level.
                   A        B        C        D        E       F      G
               +--------+--------+--------+--------+--------+-----+--------+
         Total |    291 |    291 |      0 |      0 |      0 |   1 |  291.0 |
       Dungeon |    291 |    291 |      0 |      0 |      0 |   1 |  291.0 |
               +--------+--------+--------+--------+--------+-----+--------+

Top non-repeatable levels by time:
       D: 291 daAuts
